Unix NetHack Version 5.0.0-0 post-release - last build Jun 10 2026 00:39:30 (3ee93aec679c4c4259841fe613dc97188e26a321,branch:main).

Game began 2026-07-05 15:04:29, ended 2026-07-05 15:27:34.

HomunculusP, chaotic male orcish Barbarian

                                                  -
                          |  ----    --- ----  ----.    -------
                          |.....%....................%...)...)--
                          ----....             `....    ---@Gf.---`
                             --                           |..|<%..-
                                                          ------- ..|
                                                                  - ..
                                                                    ---

HomunculusP the Plunderer  St:18/02 Dx:16 Co:16 In:8 Wi:8 Ch:7  Chaotic
Dlvl:3  $:123 HP:0(18) Pw:5(5) AC:8  Xp:2 T:1126 

Latest messages:
 You descend the stairs.
 You kill the dwarf!
 x - a pair of iron shoes.
 y - a pick-axe.
 There is a dwarf corpse here; eat it? [ynq] (n) y
 This dwarf corpse is tough.
 You stop eating the dwarf corpse.
 You see here a partly eaten dwarf corpse.
 You climb up the stairs.
 You already found a monster.  Use 'm' prefix to force another search.
 You already found a monster.  Use 'm' prefix to force another search.
 You already found a monster.  Use 'm' prefix to force another search.
 You already found a monster.  Use 'm' prefix to force another search.
 You already found a monster.  Use 'm' prefix to force another search.
 You already found a monster.  Use 'm' prefix to force another search.
 You already found a monster.  Use 'm' prefix to force another search.
 You already found a monster.  Use 'm' prefix to force another search.
 You already found a monster.  Use 'm' prefix to force another search.
 You destroy the kobold zombie!
 You hear some noises in the distance.
 The hobbit throws an elven dagger!
 You are hit by an elven dagger.
 You see here an elven dagger.
 z - an elven dagger.
 The hobbit hits!
 You kill the hobbit!
 You see here a hobbit corpse.
 You have a little trouble lifting a hobbit corpse.  Continue? [ynq] (q) q
 Your kitten eats a hobbit corpse.
 You descend the stairs.
 The kitten misses the gnome lord.
 The gnome lord shoots 3 crossbow bolts!
 The 1st crossbow bolt hits the gnome.
 The gnome is killed!
 You are hit by the 2nd crossbow bolt.
 The 3rd crossbow bolt misses you.
 The gnome lord hits!
 The kitten misses the gnome lord.
 The kitten misses the gnome lord.
 The gnome lord hits!
 The kitten bites the gnome lord.
 The gnome lord misses the kitten.
 The kitten misses the gnome lord.
 The gnome lord hits!
 You die...
 Do you want your possessions identified? [ynq] (y) y
 Do you want to see your attributes? [ynq] (y) n
 Do you want an account of creatures vanquished? [ynaq] (y) y
 Do you want to see your conduct and achievements? [ynq] (y) y
 Do you want to see the dungeon overview? [ynq] (y) y

Inventory:
 Coins    ('$')
  $ - 123 gold pieces
 Weapons  (')')
  h - a cursed +0 sling
  s - 10 +3 darts
  i - 8 +0 darts
  j - a poisoned +0 dart
  z - a cursed +0 elven dagger
  b - a +1 axe (weapon in right hand)
  a - a +0 two-handed sword (alternate weapon; not wielded)
 Armor    ('[')
  x - a cursed -2 pair of iron shoes
  c - an uncursed +0 orcish ring mail (being worn)
 Comestibles  ('%')
  e - an uncursed apple
  d - an uncursed food ration
  l - an uncursed fortune cookie
  f - an uncursed tripe ration
 Scrolls  ('?')
  m - an uncursed scroll of enchant weapon
 Spellbooks  ('+')
  n - an uncursed spellbook of knock
 Potions  ('!')
  r - an uncursed potion of healing
 Tools    ('(')
  u - an uncursed lock pick
  g - a magic marker (0:57)
  y - a +0 pick-axe
 Gems/Stones  ('*')
  o - an uncursed worthless piece of blue glass
  t - an uncursed worthless piece of green glass
  v - a cursed worthless piece of green glass
  q - an uncursed worthless piece of orange glass

HomunculusP the Barbarian's attributes:

Background:
 You were a Plunderer, a level 2 male orcish Barbarian.
 You were chaotic, nominally on a mission for Set
 who was opposed by Mitra (lawful) and Crom (neutral).
 You were right-handed.
 You were in the Gnomish Mines, on level 3.
 You entered the dungeon 1126 turns ago.
 You had 38 experience points, 2 more were needed to attain level 3.

Basics:
 You had 0 out of 18 hit points.
 You had all 5 energy points (spell power).
 Your armor class was 8.
 Your wallet contained 123 zorkmids.
 Autopickup was off.

Final Characteristics:
 Your strength was 18/02 (limit:18/50).
 Your dexterity was 16 (limit:18).
 Your constitution was 16 (limit:18).
 Your intelligence was 8 (limit:16).
 Your wisdom was 8 (limit:16).
 Your charisma was 7 (limit:16).

Final Status:
 You weren't hungry.
 You were unencumbered.
 You were wielding an axe.
 You had basic skill with axe.

Final Attributes:
 You were devoutly aligned.
 You were poison resistant.
 You had infravision.
 You were warded.
 Your spell casting was impaired by metallic armor.
 You are dead.

Miscellaneous:
 You didn't encounter any bones levels.
 Total elapsed playing time was 23 minutes and 3 seconds.

Major events:
 Turn
    1: HomunculusP the chaotic male orcish Barbarian entered the dungeon
 1000: entered the Gnomish Mines
 1126: killed by a gnome lord

Spells:
 Name                 Level Category     Fail Retention
 knock                  1   matter       100%  76%-100%

Skills:
 Fighting Skills
   bare handed combat [Basic]
   two weapon combat  [Unskilled]
   riding             [Unskilled]
 Weapon Skills
   dagger             [Unskilled]
   axe                [Basic]
   pick-axe           [Unskilled]
   short sword        [Unskilled]
   broadsword         [Unskilled]
   long sword         [Unskilled]
   two-handed sword   [Basic]
   saber              [Unskilled]
   club               [Unskilled]
   mace               [Unskilled]
   morning star       [Unskilled]
   flail              [Unskilled]
   hammer             [Unskilled]
   quarterstaff       [Unskilled]
   spear              [Unskilled]
   trident            [Unskilled]
   bow                [Unskilled]
 Spellcasting Skills
   attack spells      [Unskilled]
   escape spells      [Unskilled]

Voluntary challenges:
 Character rerolling was not enabled.
 You were an atheist.
 You never genocided any monsters.
 You never polymorphed an object.
 You never changed form.
 You used no wishes.
Achievement:
 You entered the Gnomish Mines.

 The Dungeons of Doom: levels 1 to 2
    Level 1:
    Level 2:
       Stairs down to The Gnomish Mines.
 The Gnomish Mines:
    Level 3: <- You were here.
       Final resting place for
          you, killed by a gnome lord.


Vanquished creatures:
  a dwarf
  a hobbit
  2 gnomes
  3 jackals
  2 foxes
  a kobold
  2 goblins
  a sewer rat
  4 grid bugs
  3 lichens
  2 kobold zombies
  3 newts
25 creatures vanquished.

No species were genocided or became extinct.

Game over:
                       ----------
                      /          \
                     /    REST    \
                    /      IN      \
                   /     PEACE      \
                  /                  \
                  |   HomunculusP    |
                  |      123 Au      |
                  |   killed by a    |
                  |    gnome lord    |
                  |                  |
                  |                  |
                  |       2026       |
                 *|     *  *  *      | *
        _________)/\\_//(\/(/\)/\//\/|_)_______

Goodbye HomunculusP the Barbarian...

You died in The Gnomish Mines on dungeon level 3 with 373 points,
and 123 pieces of gold, after 1126 moves.
You were level 2 with a maximum of 18 hit points when you died.

